 Dungeon Crawl Stone Soup version 0.28-a0-124-g73ec313a74 (webtiles) character file.

Game seed: 4882748180603598750

27 porpoise the Skirmisher (level 3, 0/39 HPs)
             Began as an Ogre Arcane Marksman on Aug 15, 2021.
             Slain by a gnoll (3 damage)
             ... on level 2 of the Dungeon.
             The game lasted 00:04:31 (1376 turns).

porpoise the Skirmisher (Ogre Arcane Marksman)      Turns: 1376, Time: 00:04:32

Health: 0/39       AC:  3    Str: 15    XL:     3   Next: 10%
Magic:  4/4        EV:  9    Int: 14    God:
Gold:   38         SH:  0    Dex:  9    Spells: 3/4 levels left

rFire   . . .      SeeInvis .   a - +0 mace
rCold   . . .      Faith    .   (no shield)
rNeg    . . .      Spirit   .   d - +0 robe
rPois   .          Reflect  .   (helmet restricted)
rElec   .          Harm     .   (no cloak)
rCorr   .          Rampage  .   (gloves unavailable)
Will    .....                   (boots unavailable)
Stlth   +.........              (no amulet)
HPRegen 0.13/turn               (no ring)
MPRegen 0.09/turn               (no ring)

@: no status effects
A: large, unfitting armour, tough skin 1
a: no special abilities


You were on level 2 of the Dungeon.
You visited 1 branch of the dungeon, and saw 2 of its levels.

You collected 38 gold pieces.

Inventory:

Hand Weapons
 a - a +0 mace (weapon)
Missiles
 b - 2 large rocks (quivered)
 c - 2 throwing nets
 f - 20 arrows
Armour
 d - a +0 robe (worn)
Magical Staves
 e - a staff of air
Scrolls
 i - a scroll of identify {unknown}
 j - a scroll of fog {unknown}
Potions
 g - 2 potions of curing {unknown}
 h - a potion of cancellation {unknown}
 k - a potion of attraction {unknown}
 l - a potion of heal wounds {unknown}


   Skills:
 + Level 4.0 Fighting
 - Level 2.0 Throwing
 - Level 1.7 Dodging
 - Level 1.2 Spellcasting
 - Level 2.6 Hexes


You had 3 spell levels left.
You knew the following spells:

 Your Spells              Type           Power      Damage    Failure   Level
a - Corona                Hex            8%         N/A       9%          1

Your spell library contained the following spells:

 Spells                   Type           Power      Damage    Failure   Level
 Slow                     Hex            8%         N/A       13%         2
 Inner Flame              Hex/Fire       4%         N/A       41%         3
 Portal Projectile        Hex/Tloc       8%         N/A       41%         3
 Cause Fear               Hex            4%         N/A       65%         4


Dungeon Overview and Level Annotations

Branches:
Dungeon (2/15)

Altars:


Innate Abilities, Weirdness & Mutations

You are too large for most types of armour.
You have tough skin. (AC +1)


Message History

Throw: 3 darts (atropa)
Press: ? - help, Q - select action, (/) - cycle Shift-Dir - straight line, f - goblin
Aim: a goblin, wielding a +0 dagger (47% to hit, chance to blind on hit: 100%)
You throw an atropa-tipped dart.
The atropa-tipped dart closely misses the goblin.
Throw: 2 darts (atropa)
Press: ? - help, Q - select action, (/) - cycle Shift-Dir - straight line, f/p - goblin
Aim: a goblin, wielding a +0 dagger (47% to hit, chance to blind on hit: 100%)
You throw an atropa-tipped dart.
The atropa-tipped dart closely misses the goblin.
Throw: dart (atropa)
Press: ? - help, Q - select action, (/) - cycle Shift-Dir - straight line, f/p - goblin
Aim: a goblin, wielding a +0 dagger (47% to hit, chance to blind on hit: 100%)
You throw an atropa-tipped dart.
The atropa-tipped dart closely misses the goblin.
Throw: 4 large rocks
Press: ? - help, Q - select action, (/) - cycle Shift-Dir - straight line, f/p - goblin
Aim: a goblin, wielding a +0 dagger (47% to hit)
You throw a large rock. The large rock hits the goblin!!
You kill the goblin!
Your Fighting skill increases to level 4!
You start waiting.
A gnoll comes into view.
It is wielding a +0 whip of electrocution.
You barely miss the gnoll.
The gnoll hits you with a +0 whip of electrocution.
You are electrocuted!
You hit the gnoll.
The gnoll is lightly wounded.
The gnoll hits you with a +0 whip of electrocution.
You are electrocuted!
* * * LOW HITPOINT WARNING * * *
The gnoll hits you with a +0 whip of electrocution.
* * * LOW HITPOINT WARNING * * *
Throw: 3 large rocks
Press: ? - help, Q - select action, (/) - cycle Shift-Dir - straight line, f - gnoll
Aim: a gnoll, wielding a +0 whip of electrocution (lightly wounded, 61% to hit)
You throw a large rock. The large rock barely misses the gnoll.
The gnoll barely misses you.
The gnoll hits you with a +0 whip of electrocution.
You die...

##.# #...#..#
#...#... #...#..#
#...#..# #...#..#
#...#..#
#####...#.@#
#<........g#
#######.##.#######
#...........#
##.#.#.......#
#............#
#...#........#
#g(.#.>......#
#...##.......#


You could see a gnoll.

Vanquished Creatures
  A worm (D:2)
  A dart slug (D:1)
  4 bats (D:1)
  3 endoplasms (D:1)
  A giant cockroach (D:1)
  A goblin (D:2)
  A hobgoblin (D:1)
  3 quokkas (D:1)
  2 ball pythons (D:1)
  3 frilled lizards (D:1)
  A kobold (D:1)
21 creatures vanquished.

Notes
Turn   | Place    | Note
-------+----------+-------------------------------------------
     0 | D:1      | porpoise the Ogre Arcane Marksman began the quest for the
                  | Orb.
     0 | D:1      | Reached XP level 1. HP: 19/19 MP: 2/2
   189 | D:1      | Reached skill level 2 in Fighting
   441 | D:1      | Reached XP level 2. HP: 29/29 MP: 3/3
   619 | D:1      | Reached skill level 3 in Fighting
  1155 | D:2      | Reached XP level 3. HP: 15/39 MP: 4/4
  1360 | D:2      | Reached skill level 4 in Fighting
  1376 | D:2      | Slain by a gnoll

Illustrated notes

Levels and vault maps discovered:
D:1:      ncdulo_lavacross, layout_basic
D:2:      layout_basic

Skill      XL: |  1  2  3 |
---------------+----------+-----
Fighting       | 2 3 4 |  4.0
Throwing       | |  2.0
Dodging        | |  1.7
Spellcasting   | |  1.2
Hexes          | |  2.6

Action                   || total
-------------------------++-------
Melee: Staff             ||    25
       Unarmed           ||     6
       Spear             ||    40
       Mace              ||    25
Throw: Large rock        ||     3
       Dart              ||     3
Armor: Robe              ||    32
Dodge: Dodged            ||    45

Table legend: (Time is in decaauts)
 A = Elapsed time spent in this place.
 B = Non-inter-level travel time spent in this place.
 C = Inter-level travel time spent in this place.
 D = Time resting spent in this place.
 E = Time spent auto-exploring this place.
 F = Levels seen in this place.
 G = Mean time per level.
                   A        B        C        D        E       F      G
               +--------+--------+--------+--------+--------+-----+--------+
         Total |   1394 |   1366 |     28 |    638 |    459 |   2 |  697.0 |
       Dungeon |   1394 |   1366 |     28 |    638 |    459 |   2 |  697.0 |
               +--------+--------+--------+--------+--------+-----+--------+

Top non-repeatable levels by time:
     D:1: 1142 daAuts
     D:2: 252 daAuts
